 Dungeon Crawl Stone Soup version 0.30-a0-371-gad7725a93e (webtiles) character file.

Game seed: 13625801257054070302

19978 qeuew the Cleaver (level 13, -6/101 HPs)
             Began as a Formicid Fighter on Nov 20, 2022.
             Was an Initiate of Gozag.
             Mangled by a 12-headed hydra (9 damage)
             ... on level 2 of the Lair of Beasts.
             The game lasted 00:21:20 (12732 turns).

qeuew the Cleaver (Formicid Fighter)               Turns: 12732, Time: 00:21:20

Health: -6/101     AC: 19    Str: 22    XL:     13   Next: 8%
Magic:  13/13      EV: 15    Int:  8    God:    Gozag
Gold:   1375       SH: 12    Dex: 17    Spells: 12/12 levels left

rFire   + . .      SeeInvis +    a - +1 war axe (freeze)
rCold   + . .      Faith    .    c - +0 buckler
rNeg    . . .      Spirit   .    i - +1 chain mail {rPois}
rPois   +          Reflect  +    (helmet unavailable)
rElec   +          Harm     .    (no cloak)
rCorr   +          Rampage  .    g - +0 pair of gloves
Will    +....                    x - +0 pair of boots
Stlth   ..........               r - amulet of reflection
HPRegen 0.36/turn                s - +4 ring of protection
MPRegen 0.13/turn                d - +4 ring of evasion

@: mighty, resistant, studying Axes, invisible
A: permanent stasis, dig shafts and tunnels, antennae 3, four strong arms
a: Dig, Shaft Self, Renounce Religion, Potion Petition, Call Merchant, Bribe
Branch


You were on level 2 of the Lair of Beasts.
You worshipped Gozag.
Gozag was most pleased with you.
You visited 3 branches of the dungeon, and saw 14 of its levels.
You also visited: Ossuary.

You collected 2659 gold pieces.
You paid 1284 gold pieces to Gozag.

Inventory:

Hand Weapons
 a - a +1 war axe of freezing (weapon)
 w - a +0 broad axe
 A - a +0 shortbow of flaming
Missiles
 m - 3 throwing nets
Armour
 c - a +0 buckler (worn)
 g - a +0 pair of gloves (worn)
 i - a +1 chain mail of poison resistance (worn)
 x - a +0 pair of boots (worn)
Jewellery
 b - a ring of protection from fire
 d - a +4 ring of evasion (right hand)
 r - an amulet of reflection (around neck)
 s - a +4 ring of protection (left hand)
 u - a ring of resist corrosion
Wands
 t - a wand of quicksilver (10)
 v - a wand of digging (7)
 y - a wand of paralysis (5)
 C - a wand of flame (1) (quivered)
Scrolls
 f - 3 scrolls of fog
 l - 3 scrolls of amnesia
 n - 4 scrolls of poison
 p - 3 scrolls of fear
 q - 2 scrolls of magic mapping
 z - 3 scrolls of enchant armour
Potions
 e - a potion of heal wounds
 h - 4 potions of flight
 j - 2 potions of brilliance {unknown}
 k - 5 potions of curing
 o - a potion of cancellation
 B - a potion of invisibility
Miscellaneous
 D - a lightning rod (4/4)


   Skills:
 + Level 9.2 Fighting
 * Level 13.7 Axes
 + Level 4.9 Ranged Weapons
 + Level 9.4 Armour
 + Level 7.0 Dodging
 + Level 11.0 Shields
 + Level 6.5 Evocations


You had 12 spell levels left.
You didn't know any spells.
Your spell library contained the following spells:

 Spells                   Type           Power      Damage    Failure   Level
 Magic Dart               Conj           0%         1d3       97%         1
 Call Imp                 Summ           0%         N/A       99%         2
 Frozen Ramparts          Ice            0%         1d1       100%        3
 Mephitic Cloud           Conj/Pois/Air  0%         N/A       100%        3
 Summon Guardian Golem    Hex/Summ       0%         N/A       100%        3
 Ice Form                 Ice/Tmut       0%         N/A       100%        4
 Summon Ice Beast         Ice/Summ       0%         N/A       100%        4
 Orb of Destruction       Conj           0%         9d5       100%        7
 Spellforged Servitor     Conj/Summ      0%         N/A       100%        7


Dungeon Overview and Level Annotations

Branches:
Dungeon (11/15)            Temple (1/1) D:5            Lair (1/5) D:10
  Snake (0/4) Lair:2      Ossuary (visited)
    Orc: D:9-12

Altars:
Ashenzari
Cheibriados
Dithmenos
Elyvilon
Fedhas
Gozag
Hepliaklqana
Kikubaaqudgha
Makhleb
Nemelex Xobeh
Okawaru
Qazlal
Ru
Sif Muna
Trog
Uskayaw
Vehumet
Wu Jian
Xom
Yredelemnul
Zin
The Shining One

Annotations:
Lair:1 1 transporter, JOEMAMA2's ghost, journeyman MiBe


Innate Abilities, Weirdness & Mutations

You cannot be hasted, slowed, berserked, paralysed or teleported.
You can dig through walls and to a lower floor.
You have a pair of large antennae on your head. (SInv)
Your four strong arms can wield two-handed weapons with a shield.


Message History

The 11-headed hydra bites you but does no damage.
The 11-headed hydra completely misses you.
The 11-headed hydra bites you but does no damage.
You fade further into invisibility.
You block the 11-headed hydra's attack.
The 11-headed hydra bites you but does no damage.
You block the 11-headed hydra's attack. The 11-headed hydra barely misses you.
The 11-headed hydra bites you.
* * * LOW HITPOINT WARNING * * *
The 11-headed hydra closely misses you.
The 11-headed hydra bites you but does no damage. x2
The 11-headed hydra closely misses you. You block the 11-headed hydra's attack.
The 11-headed hydra barely misses you.
You barely miss the 11-headed hydra.
The 11-headed hydra is almost dead.
You lop one of the 11-headed hydra's heads off!
The ten-headed hydra grows two more!
You slash the 12-headed hydra! You freeze the 12-headed hydra.
The 12-headed hydra is almost dead.
The 12-headed hydra bites you.
* * * LOW HITPOINT WARNING * * *
You block the 12-headed hydra's attack. The 12-headed hydra barely misses you.
The 12-headed hydra bites you but does no damage.
You block the 12-headed hydra's attack. The 12-headed hydra closely misses you.
The 12-headed hydra misses you. You block the 12-headed hydra's attack.
The 12-headed hydra bites you but does no damage. x2
You block the 12-headed hydra's attack. The 12-headed hydra misses you.
You completely miss the 12-headed hydra.
The 12-headed hydra is almost dead.
The 12-headed hydra bites you but does no damage.
The 12-headed hydra barely misses you. The 12-headed hydra closely misses you.
You block the 12-headed hydra's attack. x2
The 12-headed hydra bites you but does no damage.
The 12-headed hydra closely misses you. The 12-headed hydra barely misses you.
The 12-headed hydra bites you!
* * * LOW HITPOINT WARNING * * *
The 12-headed hydra bites you but does no damage.
The 12-headed hydra barely misses you. The 12-headed hydra bites you!
You die...
Your body crumbles into a pile of gold.

#...# ##...#
#...######## .
##..###.##.######## ..
..##...#......##P#..#.#.
........................
........................
........................
...........$...D@.......
........................
.............##..#..#...
...#...#.[....##.#### .
.#.#.##......##.... # ..
#......# ....# .........
.....# .#......##....#.


You could see a 12-headed hydra (unable to see you).

Vanquished Creatures
  Harold (D:11)
  4 two-headed ogres (D:11)
  A deep elf pyromancer (D:9)
  2 black mambas (Lair:2)
  Joseph (D:9)
  A komodo dragon (Lair:2)
  A kobold demonologist (D:9)
  3 cane toads
  2 trolls
  Prince Ribbit (D:9)
  4 blink frogs (Lair:1)
  A shadow (D:11)
  36 yaks
  A vampire (D:10)
  A wraith (D:9)
  3 wyverns
  3 steam dragons
  9 vampire mosquitoes
  6 water moccasins
  Duvessa (D:6)
  4 orc warriors
  4 black bears
  4 ogres
  3 sky beasts
  A wolf (Lair:2)
  5 centaurs
  2 phantoms (D:4)
  4 bullfrogs
  A kobold brigand (D:9)
  3 water moccasin zombies (Ossuary)
  A necrophage (D:5)
  A gnoll sergeant (D:3)
  2 scorpions (D:5)
  4 wights (D:8)
  Dowan (D:6)
  12 killer bees
  3 electric eels (D:10)
  5 howler monkeys
  3 hounds
  6 orc priests
  A gnoll bouda (D:5)
  A jelly (D:4)
  Terence (D:2)
  8 orc wizards
  2 mummies (Ossuary)
  10 adders
  16 gnolls
  A shadow imp (D:6)
  A white imp (D:5)
  An ufetubus (D:5)
  5 adder zombies (Ossuary)
  27 orcs
  4 bats
  7 endoplasms
  6 giant cockroaches
  4 gnoll zombies (Ossuary)
  15 goblins
  8 hobgoblins
  7 quokkas
  6 ball pythons
  8 frilled lizards
  3 hobgoblin zombies (Ossuary)
  12 kobolds
  3 kobold zombies (Ossuary)
  4 orc zombies (Ossuary)
  8 rats
320 creatures vanquished.

Vanquished Creatures (others)
  9 fungi (Lair:2)
  24 plants
33 creatures vanquished.

Grand Total: 353 creatures vanquished

Notes
Turn   | Place    | Note
-------+----------+-------------------------------------------
     0 | D:1      | qeuew the Formicid Fighter began the quest for the Orb.
     0 | D:1      | Reached XP level 1. HP: 18/18 MP: 1/1
   189 | D:1      | Reached XP level 2. HP: 22/24 MP: 2/2
   531 | D:1      | Reached XP level 3. HP: 29/29 MP: 3/3
   875 | D:2      | Reached XP level 4. HP: 31/36 MP: 4/4
   881 | D:2      | Reached skill level 1 in Dodging
   883 | D:2      | Reached skill level 3 in Axes
  1319 | D:2      | Noticed Terence
  1330 | D:2      | HP: 1/37 [Terence/+0 vorpal morningstar (2)]
  1332 | D:2      | Killed Terence
  1333 | D:2      | Reached XP level 5. HP: 2/42 MP: 5/5
  2284 | D:4      | Noticed a phantom
  2284 | D:4      | Noticed a phantom
  2298 | D:4      | Reached XP level 6. HP: 18/48 MP: 6/6
  2303 | D:4      | Reached skill level 4 in Axes
  2303 | D:4      | Reached skill level 5 in Shields
  2308 | D:4      | HP: 1/48 [phantom (5)]
  2476 | D:3      | Reached XP level 7. HP: 28/55 MP: 7/7
  2727 | D:4      | Found a broken altar of Ashenzari.
  2891 | D:4      | Found a hazy altar of Hepliaklqana.
  3080 | D:4      | Reached skill level 5 in Axes
  3080 | D:4      | Reached skill level 5 in Armour
  3080 | D:4      | Reached XP level 8. HP: 5/61 MP: 8/8
  3321 | D:5      | Entered Level 5 of the Dungeon
  3513 | D:5      | Found a glowing silver altar of Zin.
  3558 | D:5      | Found a staircase to the Ecumenical Temple.
  3565 | D:5      | Reached skill level 5 in Fighting
  3578 | D:5      | Found a sand-covered staircase.
  3585 | Ossuary  | Entered an ossuary
  4008 | D:5      | Reached skill level 6 in Axes
  4066 | Temple   | Entered the Ecumenical Temple
  4204 | Temple   | Became a worshipper of Gozag Ym Sagoz the Greedy
  4401 | D:5      | Reached XP level 9. HP: 65/68 MP: 9/9
  4958 | D:6      | Found a blossoming altar of Fedhas.
  4963 | D:6      | Noticed Duvessa
  4963 | D:6      | Noticed Dowan
  4975 | D:6      | Killed Duvessa
  4983 | D:6      | Killed Dowan
  5583 | D:7      | Reached skill level 7 in Axes
  6095 | D:7      | Found a snail-covered altar of Cheibriados.
  6140 | D:8      | Noticed a troll
  6152 | D:8      | Killed a troll
  6153 | D:8      | Reached skill level 1 in Evocations
  6156 | D:8      | Reached XP level 10. HP: 68/77 MP: 10/10
  6171 | D:8      | Reached skill level 8 in Axes
  6343 | D:8      | Found an iron altar of Okawaru.
  6605 | D:8      | Found a white marble altar of Elyvilon.
  7060 | D:8      | Reached skill level 5 in Dodging
  7115 | D:8      | Identified a scroll of acquirement
  7116 | D:8      | Acquired a manual of Axes
  7307 | D:9      | Noticed Joseph
  7311 | D:9      | Noticed Prince Ribbit
  7324 | D:9      | Killed Joseph
  7325 | D:9      | Reached skill level 9 in Axes
  7347 | D:9      | Killed Prince Ribbit
  7566 | D:9      | Found a stormy altar of Qazlal.
  7587 | D:9      | Noticed a kobold demonologist
  7592 | D:9      | Noticed an orange demon
  7608 | D:9      | Noticed a smoke demon
  7620 | D:9      | Killed a kobold demonologist
  7648 | D:9      | Reached skill level 1 in Ranged Weapons
  7648 | D:9      | Reached XP level 11. HP: 24/84 MP: 7/11
  7961 | D:9      | Reached skill level 10 in Axes
  8043 | D:9      | Found a radiant altar of Vehumet.
  8246 | D:9      | Noticed a deep elf pyromancer
  8259 | D:9      | Killed a deep elf pyromancer
  9234 | D:10     | Entered Level 10 of the Dungeon
  9255 | D:10     | Found a staircase to the Lair.
  9859 | D:10     | Reached skill level 11 in Axes
 10168 | D:10     | Found a burning altar of Makhleb.
 10627 | D:11     | Noticed Harold
 10654 | D:11     | Killed Harold
 10658 | D:11     | Noticed a two-headed ogre
 10667 | D:11     | Killed a two-headed ogre
 10668 | D:11     | Reached skill level 5 in Evocations
 10868 | D:11     | Noticed a two-headed ogre
 10875 | D:11     | Killed a two-headed ogre
 10876 | D:11     | Reached skill level 10 in Shields
 10876 | D:11     | Reached XP level 12. HP: 81/94 MP: 10/12
 10947 | D:11     | Found a sacrificial altar of Ru.
 11119 | D:11     | Reached skill level 12 in Axes
 11253 | D:11     | Noticed a two-headed ogre
 11262 | D:11     | Killed a two-headed ogre
 11515 | D:11     | Noticed a two-headed ogre
 11521 | D:11     | Killed a two-headed ogre
 11628 | Lair:1   | Entered Level 1 of the Lair of Beasts
 11820 | Lair:1   | Reached skill level 13 in Axes
 12120 | Lair:1   | Noticed JOEMAMA2's ghost (journeyman MiBe)
 12139 | Lair:1   | Found a transporter.
 12369 | Lair:1   | You fall into a shaft and drop 1 floor!
 12551 | Lair:2   | Reached XP level 13. HP: 93/101 MP: 13/13
 12633 | Lair:2   | Found a staircase to the Snake Pit.
 12703 | Lair:2   | Noticed a five-headed hydra
 12726 | Lair:2   | HP: 1/101 [11-headed hydra (11)]
 12732 | Lair:2   | HP: 3/101 [12-headed hydra (8)]
 12732 | Lair:2   | Mangled by a 12-headed hydra

Illustrated notes

Levels and vault maps discovered:
D:1:      reono_arrival_forest_river, layout_loops_ring
D:2:      layout_basic, uniq_terence
D:3:      layout_basic
D:4:      layout_rooms, general_overflow_altar, amcnicky_altar_gilded,
          nicolae_grassy_gnolls
D:5:      layout_basic, zin_scriptorium, minmay_temple_entry_overgrown,
          nicolae_ossuary_entry_ruins, st_stairs_14
D:6:      layout_basic, old_standard_altar, minmay_ogre_servants, uniq_duvessa
D:7:      layout_rooms, cheibriados_altar_1, hangedman_decor_peaks_small,
          minmay_misc_feat_tower, kennysheep_nondescript,
          kennysheep_another_room, kennysheep_minor_cross
D:8:      black_bear_nest_2, layout_basic, elyvilon_altar_1,
          okawaru_metal_pillars_3, serial_park_tiny_2,
          amcnicky_mini_rare_corridor_liquid
D:9:      layout_layer_cave, nicolae_vehumet_radiance,
          nicolae_overflow_hidden_temple, onia_ninara_dug_in_and_dangerous,
          uniq_joseph, uniq_prince_ribbit1
D:10:     layout_basic, lemuel_tele_altar, lair_entry_dummy
D:11:     layout_long_grid, nicolae_ru_great_annihilating_truth, uniq_harold
Temple:   nicolae_temple_x_marks_the_god
Lair:1:   layout_cave_pods, gammafunk_ghost_hive
Lair:2:   layout_regular_city, minmay_snake_entry_six_corridors,
          beast_lair_carwin_11, lemuel_fruit_tree

Skill      XL: |  1  2  3  4  5  6  7  8  9 10 11 12 13 |
---------------+----------------------------------------+-----
Dodging        | 1 2 3 4 5 6 7 |  7.0
Axes           | 3 4 5 6 7 9 11 13 | 13.7
Armour         | 4 5 6 7 8 9 |  9.4
Fighting       | 4 5 6 7 8 9 |  9.2
Shields        | 5 6 8 9 10 11 | 11.0
Evocations     | 1 3 5 6 |  6.5
Ranged Weapons | 1 3 4 |  4.9

Action                   |  1- 3 |  4- 6 |  7- 9 | 10-12 | 13-15 || total
-------------------------+-------+-------+-------+-------+-------++-------
Melee: War axe           |    80 |   116 |   287 |   558 |    48 ||  1089
 Fire: Shortbow          |       |       |       |    21 |     7 ||    28
Invok: Potion Petition   |       |       |       |     2 |     1 ||     3
 Abil: Dig               |       |       |     2 |     1 |       ||     3
Evoke: Wand              |       |       |       |       |     2 ||     2
  Use: Potion            |     3 |     4 |       |     1 |     3 ||    11
       Scroll            |     3 |     8 |     6 |     4 |       ||    21
 Stab: Distracted        |       |       |       |     2 |       ||     2
       Invisible         |       |       |       |     1 |     1 ||     2
       Paralysed         |       |       |       |     1 |       ||     1
Armor: Scale mail        |    31 |     5 |       |       |       ||    36
       Chain mail        |       |    63 |   152 |   226 |    49 ||   490
Dodge: Dodged            |    26 |    63 |   143 |   391 |    57 ||   680
Block: Buckler           |    25 |    50 |    84 |   225 |    41 ||   425

Table legend: (Time is in decaauts)
 A = Elapsed time spent in this place.
 B = Non-inter-level travel time spent in this place.
 C = Inter-level travel time spent in this place.
 D = Time resting spent in this place.
 E = Time spent auto-exploring this place.
 F = Levels seen in this place.
 G = Mean time per level.
                   A        B        C        D        E       F      G
               +--------+--------+--------+--------+--------+-----+--------+
         Total |  12891 |  12549 |    342 |    388 |   9830 |  15 |  859.4 |
       Dungeon |  11217 |  10893 |    324 |    388 |   8612 |  11 | 1019.7 |
        Temple |    157 |    140 |     17 |      0 |    126 |   1 |  157.0 |
          Lair |   1079 |   1079 |      0 |      0 |    791 |   2 |  539.5 |
       Ossuary |    437 |    437 |      0 |      0 |    301 |   1 |  437.0 |
               +--------+--------+--------+--------+--------+-----+--------+

Top non-repeatable levels by time:
     D:9: 2110 daAuts
    D:10: 1419 daAuts
     D:8: 1043 daAuts
    D:11: 993 daAuts
     D:2: 983 daAuts
     D:3: 861 daAuts
     D:5: 801 daAuts
     D:6: 799 daAuts
     D:4: 794 daAuts
     D:1: 774 daAuts
  Lair:1: 728 daAuts
     D:7: 635 daAuts
 Ossuary: 437 daAuts
  Lair:2: 350 daAuts
  Temple: 157 daAuts
